 Dungeon Crawl Stone Soup version 0.32-a0-872-g59262bd (webtiles) character file.

Game seed: 15982698246232401061

6 lyrin the Grasshopper (level 1, 0/12 HPs)
             Began as a Gargoyle Warper on Mar 30, 2024.
             Frozen to death by an endoplasm (3 damage)
             ... on level 2 of the Dungeon.
             The game lasted 00:00:52 (282 turns).

lyrin the Grasshopper (Gargoyle Warper)              Turns: 282, Time: 00:00:52

Health: 0/12       AC:  5    Str: 14    XL:     1   Next: 90%
Magic:  3/3        EV: 10    Int: 13    God:
Gold:   10         SH:  0    Dex:  9    Spells: 4/4 levels left

rFire   . . .        a - +0 mace
rCold   . . .        (no shield)
rNeg    + . .        b - +0 leather armour
rPois   ∞            (no helmet)
rElec   +            (no cloak)
rCorr   .            (no gloves)
SInv    .            (no boots)
Will    .....        (no amulet)
Stlth   +            (no ring)
HPRegen 0.22/turn    (no ring)
MPRegen 0.08/turn

%: no passive effects
@: no status effects
A: sickness immunity, AC +2, negative energy resistance 1, electricity
resistance, torment resistance 1, petrification resistance
a: no special abilities


You were on level 2 of the Dungeon.
You visited 1 branch of the dungeon, and saw 2 of its levels.

You collected 10 gold pieces.

Inventory:

Hand Weapons
 a - a +0 mace (weapon)
Missiles
 d - 7 darts of dispersal (quivered)
Armour
 b - a +0 leather armour (worn)
Scrolls
 c - a scroll of blinking
 f - a scroll of fog {unknown}
Potions
 e - a potion of berserk rage {unknown}


   Skills:
 + Level 2.2 Fighting
 + Level 2.3 Maces & Flails
 + Level 0.8 Throwing
 + Level 1.1 Armour
 + Level 1.6 Dodging
 - Level 2.1 Spellcasting
 - Level 2.6 Translocations


You had 4 spell levels left.
You didn't know any spells.
Your spell library contained the following spells:

 Spells                   Type           Power      Damage    Failure   Level
 Blink                    Tloc           16%        N/A       16%         2
 Lesser Beckoning         Tloc           16%        N/A       16%         2
 Teleport Other           Tloc           8%         N/A       30%         3
 Maxwell's Portable Pile  Tloc           8%         2d(6-12)  71%         4
 Vhi's Electric Charge    Tloc/Air       8%         N/A       87%         4


Dungeon Overview and Level Annotations

Branches:
Dungeon (2/15)

Altars:

Shops:
D:1 *


Innate Abilities, Weirdness & Mutations

You are immune to sickness and miasma.
Your stone body is resilient. (AC +2)
You are immune to poison.
You resist negative energy. (rN+)
You are resistant to electric shocks. (rElec)
You are resistant to unholy torment.
You are immune to petrification.


Message History

* * * LOW HITPOINT WARNING * * *
You slide downwards.
The hatch slams shut behind you.
The endoplasm quivers.
Found a scroll labelled QEDIBB KINONI.
Found a stone staircase leading down.
Unknown command.
You aren't carrying any items that you can evoke.
Unknown command.
The bat closely misses you. The bat closely misses you. The bat hits you.
* * * LOW HITPOINT WARNING * * *
Found 14 gold pieces.
A frilled lizard and a kobold come into view.
Found 16 gold pieces.
The frilled lizard hisses angrily.
The bat attacks as it pursues you! The bat barely misses you. x2
The kobold throws a stone.
The stone hits you but does no damage.
Found a scroll labelled BODOHI ASOY.
The bat barely misses you. The bat closely misses you.
Found a stone staircase leading down.
The bat barely misses you. The bat attacks as it pursues you!
The bat completely misses you. The bat hits you but does no damage.
The bat closely misses you.
You barely miss the bat. The bat closely misses you. The bat barely misses you.
You hit the bat.
You kill the bat!
The endoplasm hits you but does no damage.
You hit the endoplasm.
The endoplasm is heavily wounded.
The endoplasm freezes you.
You are frozen.
* * * LOW HITPOINT WARNING * * *
You barely miss the endoplasm.
The endoplasm is heavily wounded.
The endoplasm misses you.
You hit the endoplasm.
The endoplasm is severely wounded.
The endoplasm freezes you.
You are frozen.
You die...

.........
.......>#
........#
........#
........#
........#
......?.#
#@# #J#
##l# #.K#
#..#
.#####..#
..K$....##
....##...#
.#. #$#.#


You could see an endoplasm, a kobold and a frilled lizard.

Vanquished Creatures
  2 endoplasms (D:1)
  A giant cockroach (D:1)
  2 bats
  A frilled lizard (D:1)
6 creatures vanquished.

Notes
Turn   | Place    | Note
-------+----------+-------------------------------------------
     0 | D:1      | lyrin the Gargoyle Warper began the quest for the Orb.
     0 | D:1      | Reached XP level 1. HP: 12/12 MP: 3/3
    40 | D:1      | Found Ymoaraic's Assorted Antiques.
   282 | D:2      | Frozen to death by an endoplasm

Illustrated notes

Levels and vault maps discovered:
D:1:      psy_arrival_radial02, layout_basic, serial_shops, shop_fountains,
          shop, nicolae_shop_mannequins, nicolae_diamond_shop,
          nicolae_shop_overgrown_old_shop, ebering_ecumenical_altar_webs
D:2:      layout_basic

Action                     || total
---------------------------++-------
  Melee: Mace              ||    24
 Armour: Leather armour    ||    43
  Dodge: Dodged            ||    36

Table legend: (Time is in decaauts)
 A = Elapsed time spent in this place.
 B = Non-inter-level travel time spent in this place.
 C = Inter-level travel time spent in this place.
 D = Time resting spent in this place.
 E = Time spent auto-exploring this place.
 F = Levels seen in this place.
 G = Mean time per level.
                   A        B        C        D        E       F      G
               +--------+--------+--------+--------+--------+-----+--------+
         Total |    288 |    255 |     33 |      0 |    150 |   2 |  144.0 |
       Dungeon |    288 |    255 |     33 |      0 |    150 |   2 |  144.0 |
               +--------+--------+--------+--------+--------+-----+--------+

Top non-repeatable levels by time:
     D:1: 267 daAuts
     D:2: 21 daAuts
